 Dungeon Crawl Stone Soup version 0.19-a0-1207-g69d5fc3 (webtiles) character file.

72 PurpleRed the Conjurer (level 4, -2/24 HPs)
             Began as a Deep Elf Conjurer on Aug 21, 2016.
             Slain by an ogre
             ... wielding a cursed +0 giant spiked club
              (13 damage)
             ... on level 4 of the Dungeon.
             The game lasted 00:04:57 (452 turns).

PurpleRed the Conjurer (Deep Elf Conjurer)           Turns: 452, Time: 00:04:57

Health: -2/24      AC:  2    Str:  5    XL:     4   Next: 7%
Magic:  6/12       EV: 13    Int: 21    God:
Gold:   60         SH:  0    Dex: 15    Spells: 2 memorised, 9 levels left

rFire  . . .     SeeInvis .     e - +1 dagger (elec)
rCold  . . .     Gourm    .     a - +0 robe
rNeg   . . .     Faith    .     (no shield)
rPois  .         Spirit   .     (no helmet)
rElec  .         Dismiss  .     (no cloak)
rCorr  .         Reflect  .     (no gloves)
MR     .....     Harm     .     (no boots)
Stlth  ++........               (no amulet)
                                (no ring)
                                (no ring)

@: no status effects
A: no striking features
a: no special abilities


You were on level 4 of the Dungeon.
You were not hungry.

You visited 1 branch of the dungeon, and saw 4 of its levels.

You collected 60 gold pieces.

Inventory:

Hand Weapons
 d - a +0 short sword of holy wrath
 e - a +1 dagger of electrocution (weapon)
 h - a +0 hunting sling
Missiles
 i - 21 sling bullets
Armour
 a - a +0 robe (worn)
Scrolls
 f - a scroll of blinking {unknown}
Potions
 g - 2 potions of lignification {unknown}
Books
 b - a book of Conjurations

   Spells                             Type                      Level
   a - Magic Dart                     Conjuration                  1
   b - Searing Ray                    Conjuration                  2
   c - Dazzling Spray                 Conjuration/Hexes            3
   d - Fulminant Prism                Conjuration/Hexes            4
   e - Iskenderun's Mystic Blast      Conjuration                  4
   f - Iskenderun's Battlesphere      Conjuration/Charms           5
Comestibles
 c - a bread ration
 j - a meat ration


   Skills:
 - Level 2.4 Dodging
 - Level 2.4 Stealth
 + Level 4.6 Spellcasting
 + Level 5.4 Conjurations


You had 9 spell levels left.
You knew the following spells:

 Your Spells              Type           Power        Failure   Level  Hunger
a - Magic Dart            Conj           ####         1%          1    None
b - Searing Ray           Conj           ####..       1%          2    #......


Dungeon Overview and Level Annotations

Branches:
Dungeon (4/15)
 Temple: D:4-7

Altars:


Message History

There is a stone staircase leading down here.
You climb downwards.
An ogre comes into view. It is wielding a giant spiked club.
The ogre shouts!
A ball python comes into view.
There is a stone staircase leading up here.
Found a scroll labeled HELAIH IDDU.
The ball python hisses angrily.
Casting: Magic Dart
Confirm with . or Enter, or press ? or * to list all spells.
Aiming: Searing Ray
Press: ? - help, Shift-Dir - straight line, f - ogre
Aim: an ogre, wielding a giant spiked club The searing ray hits the ogre.
The ogre is moderately wounded.
The searing ray hits the ogre.
The ogre is heavily wounded.
The ogre hits you with a giant spiked club!
Ouch! That really hurt!
You die...

#. ..S...# #.##
#.###......## #>#
#...#....#.##.##.#
#.#.<............#
#...#..........#<#
#..###.............
#..# .#####.#.####
#.O# # #.#. #.@# #
# #......# #..#####
?... ##..# #..#
#... ...#


You could see an ogre.

Vanquished Creatures
  Natasha (D:3)
  An ooze (D:2)
  A worm (D:2)
  A dart slug (D:1)
  10 bats
  5 goblins
  2 hobgoblins
  8 jackals (D:2)
  4 kobolds
  3 rats
36 creatures vanquished.

Notes
Turn   | Place    | Note
-------+----------+-------------------------------------------
     0 | D:1      | PurpleRed the Deep Elf Conjurer began the quest for the Orb.
     0 | D:1      | Reached XP level 1. HP: 10/10 MP: 6/6
    46 | D:1      | Reached XP level 2. HP: 5/15 MP: 0/8
    50 | D:1      | Learned a level 2 spell: Searing Ray
   236 | D:2      | Reached XP level 3. HP: 9/19 MP: 2/10
   239 | D:2      | Reached skill level 5 in Conjurations
   386 | D:3      | Noticed Natasha
   393 | D:3      | Killed Natasha
   393 | D:3      | Reached XP level 4. HP: 6/24 MP: 4/12
   445 | D:4      | Noticed an ogre
   452 | D:4      | Slain by an ogre

Vault maps used:
D:1:      erik_arrival_gehennom, okawaru_ov_weapons_minmay
D:2:      ashenzari_altar_1
D:3:      grunt_ministairs_14, uniq_natasha
D:4:      grunt_temple_overflow_open, first_bread

Skill      XL: |  1  2  3 |
---------------+----------+-----
Spellcasting   | 4 |  4.6
Conjurations   | 5 |  5.4
Dodging        | |  2.4
Stealth        | |  2.4

Action                   |  1- 3 |  4- 6 || total
-------------------------+-------+-------++-------
Melee: Short sword       |     9 |       ||     9
       Dagger            |    34 |       ||    34
 Cast: Magic Dart        |    27 |     2 ||    29
       Searing Ray       |     3 |     1 ||     4
 Stab: Sleeping          |     3 |       ||     3
Armor: Robe              |     8 |       ||     8
Dodge: Dodged            |    41 |       ||    41
